Map: Whispers of Gold

Players

RanBotMan

  • Race: Zerg Zerg
  • Spawn Location: 5:00

llllllllllll - Winner!

  • Race: Terran Terran
  • Spawn Location: 9:00

VOD

Have the link to the VOD?

Description

Time

  • Played on: April 24, 2025, 7:33 a.m.
  • Length: 2:30
Show
View Real Time Build Order
Export as new Build Order

RanBotMan Zerg 

Build Orders: Hatch First 

Get SALT Encoding   

  12  0:06  Drone  
  13  0:12  Overlord  
  13  0:17  Drone  
  14  0:23  Extractor  
  14  0:24  Drone  
  15  0:32  Drone  
  16  0:38  Drone  
  17  0:52  Hatchery  
  17  0:55  Drone  
  17  1:11  Spawning Pool  
  17  1:12  Drone  
  17  1:16  Extractor  
  16  1:19  Drone  
  16  1:23  Drone  
  18  1:32  Drone  
  19  1:48  Overlord  
  19  2:03  Zergling x2  
  19  2:05  Zergling x2  
  19  2:06  Zergling x2  
Show
View Real Time Build Order
Export as new Build Order

llllllllllll Terran - Winner!

Build Orders:  

Get SALT Encoding   

  12  0:00  SCV  
  13  0:12  SCV  
  14  0:20  Supply Depot  
  14  0:24  SCV  
  15  0:43  Barracks  
  15  0:55  Barracks  
  15  1:08  Barracks  
  15  1:29  Marine  
  15  1:31  Barracks  
  16  1:42  Marine  
  16  1:46  Supply Depot  
  17  1:47  Marine  
  18  1:55  Marine  
  18  2:00  Marine  
  20  2:05  Marine  
Tags
 
Matchup
TvZ
Replay Pack
kreditionep1
Spawn Locations
Cross Positions
Add a new tag
Caveats
  • Supply blocks, unpowered buildings, or Contaminate may cause inaccurate times.
  • Supply counts are checked every 10 seconds.